 Dungeon Crawl Stone Soup version 0.30-a0-122-g2a1322497e (webtiles) character file.

Game seed: 13406598497615884252

3 GandalfHyperdrive the Firebug (level 1, 0/16 HPs)
             Began as an Ogre Fire Elementalist on Sept 17, 2022.
             Slain by a ball python (3 damage)
             ... on level 1 of the Dungeon.
             The game lasted 00:00:29 (39 turns).

GandalfHyperdrive the Firebug (OgFE)                  Turns: 39, Time: 00:00:30

Health: 0/16       AC:  3    Str: 11    XL:     1   Next: 50%
Magic:  3/4        EV:  9    Int: 16    God:
Gold:   0          SH:  0    Dex:  9    Spells: 4/5 levels left

rFire   . . .      SeeInvis .    (no weapon)
rCold   . . .      Faith    .    (no shield)
rNeg    . . .      Spirit   .    a - +0 robe
rPois   .          Reflect  .    (helmet restricted)
rElec   .          Harm     .    (no cloak)
rCorr   .          Rampage  .    (gloves unavailable)
Will    .....                    (boots unavailable)
Stlth   +.........               (no amulet)
HPRegen 0.05/turn                (no ring)
MPRegen 0.09/turn                (no ring)

@: no status effects
A: large, unfitting armour, tough skin 1
a: no special abilities


You were on level 1 of the Dungeon.
You visited 1 branch of the dungeon, and saw 1 of its levels.

Inventory:

Armour
 a - a +0 robe (worn)
Potions
 b - a potion of magic


   Skills:
 + Level 1.8 Dodging
 + Level 1.4 Stealth
 + Level 2.5 Spellcasting
 + Level 1.0 Conjurations
 + Level 2.7 Fire Magic


You had 4 spell levels left.
You knew the following spells:

 Your Spells              Type           Power      Damage    Failure   Level
a - Foxfire               Conj/Fire      32%        2x1d5     9%          1

Your spell library contained the following spells:

 Spells                   Type           Power      Damage    Failure   Level
 Scorch                   Fire           20%        2d6       10%         2
 Freeze                   Ice            8%         1d3       21%         1
 Inner Flame              Hex/Fire       6%         N/A       34%         3
 Kindle Blastsparks       Fire/Tloc/Air  8%         2d10      38%         3
 Frozen Ramparts          Ice            4%         1d1       52%         3
 Flame Wave               Conj/Fire      8%         2d5       65%         4
 Hailstorm                Conj/Ice       3%         3d3       85%         4


Dungeon Overview and Level Annotations

Branches:
Dungeon (1/15)

Altars:


Innate Abilities, Weirdness & Mutations

You are too large for most types of armour.
You have tough skin. (AC +1)


Message History

You kill the dart slug!
Your Conjurations skill increases to level 1!
You see here a dart slug corpse.
You pick up a book of Frost and begin reading...
You add the spells Freeze, Frozen Ramparts and Hailstorm to your library.
Found a stone staircase leading down.
Found a scroll labelled JIEKLI KI KEHIVVI.
Found a stone staircase leading down.
Found a lumpy yellow potion.
A quokka comes into view.
A frilled lizard comes into view.
The frilled lizard hisses angrily.
The frilled lizard moves out of view.
The quokka bites you.
* * * LOW HITPOINT WARNING * * *
A kobold comes into view. It is wielding a +0 short sword.
The kobold shouts!
You hear an angry hiss.
The kobold throws a stone.
The stone barely misses you.
A ball python comes into view.
The quokka bites you but does no damage.
The quokka attacks as you move away!
The quokka bites you but does no damage.
The frilled lizard barely misses you.
You hit the frilled lizard but do no damage.
The quokka barely misses you. The frilled lizard barely misses you.
The quokka bites you but does no damage.
You hit the frilled lizard.
You kill the frilled lizard!
The quokka bites you.
* * * LOW HITPOINT WARNING * * *
The kobold completely misses you.
The ball python bites you but does no damage.
A ball python comes into view.
The kobold misses you. The kobold attacks as you move away!
The kobold completely misses you. The ball python barely misses you.
The quokka attacks as you move away!
The quokka bites you but does no damage.
The ball python bites you.
You die...

##............
######.............
#....!............. ####
#. ###>............
....##.####.............
#.......................
#.......K..#............
#.......S..##?.........#
#......@r..############.
#...S......# #♣
####.#..#### ♣ # ##.# ♣
#.# ♣ ... ♣ ... ♣ ##.# ♣
♣


You could see a quokka, 2 ball pythons and a kobold.

Vanquished Creatures
  A dart slug (D:1)
  A frilled lizard (D:1)
2 creatures vanquished.

Notes
Turn   | Place    | Note
-------+----------+-------------------------------------------
     0 | D:1      | GandalfHyperdrive the Ogre Fire Elementalist began the
                  | quest for the Orb.
     0 | D:1      | Reached XP level 1. HP: 16/16 MP: 3/3
    18 | D:1      | Reached skill level 1 in Conjurations
    39 | D:1      | Slain by a ball python

Illustrated notes

Levels and vault maps discovered:
D:1:      eino_arrival_tree_alley, layout_rooms,
          hellmonk_ecumenical_altar_blasted

Skill      XL: |  1 |
---------------+----+-----
Conjurations   | 1 |  1.0
Dodging        | |  1.8
Stealth        | |  1.4
Spellcasting   | |  2.5
Fire Magic     | |  2.7

Action                   || total
-------------------------++-------
Melee: Unarmed           ||    12
Armor: Robe              ||     7
Dodge: Dodged            ||    11

Table legend: (Time is in decaauts)
 A = Elapsed time spent in this place.
 B = Non-inter-level travel time spent in this place.
 C = Inter-level travel time spent in this place.
 D = Time resting spent in this place.
 E = Time spent auto-exploring this place.
 F = Levels seen in this place.
 G = Mean time per level.
                   A        B        C        D        E       F      G
               +--------+--------+--------+--------+--------+-----+--------+
         Total |     39 |     33 |      6 |      0 |      0 |   1 |   39.0 |
       Dungeon |     39 |     33 |      6 |      0 |      0 |   1 |   39.0 |
               +--------+--------+--------+--------+--------+-----+--------+

Top non-repeatable levels by time:
     D:1: 39 daAuts
